 Seeded DCSS version 0.30.1-11-g7821555f0a (webtiles) character file.

Game seed: 5129858224507802926 (custom seed)

4 Psyclone the Conjurer (level 1, 10/10 HPs)
             Began as a Deep Elf Conjurer on Nov 7, 2023.
             Quit the game on level 2 of the Dungeon.
             The game lasted 00:00:14 (40 turns).

Psyclone the Conjurer (Deep Elf Conjurer)             Turns: 40, Time: 00:00:15

Health: 10/10      AC:  2    Str:  4    XL:     1   Next: 50%
Magic:  3/6        EV: 12    Int: 22    God:
Gold:   22         SH:  0    Dex: 13    Spells: 5/6 levels left

rFire   . . .        (no weapon)
rCold   . . .        (no shield)
rNeg    . . .        a - +0 robe
rPois   +            (helmet restricted)
rElec   .            (no cloak)
rCorr   .            (no gloves)
SInv    .            (no boots)
Will    .....        (no amulet)
Stlth   ++           (no ring)
HPRegen 0.21/turn    (no ring)
MPRegen 0.10/turn

%: no passive effects
@: no status effects
A: horns 1, passive freeze, poison resistance, wild magic 1
a: no special abilities


You were on level 2 of the Dungeon.
You visited 1 branch of the dungeon, and saw 2 of its levels.

You collected 22 gold pieces.

Inventory:

Armour
 a - a +0 robe (worn)
Potions
 b - a potion of magic


   Skills:
 - Level 2.4 Dodging
 - Level 2.4 Stealth
 + Level 3.1 Spellcasting
 * Level 4.5 Conjurations


You had 5 spell levels left.
You knew the following spells:

 Your Spells              Type           Power      Damage    Failure   Level
a - Magic Dart            Conj           100%       1d8       3%          1

Your spell library contained the following spells:

 Spells                   Type           Power      Damage    Failure   Level
 Searing Ray              Conj           60%        2d6       4%          2
 Dazzling Flash           Conj/Hex       34%        N/A       21%         3
 Fulminant Prism          Conj/Hex       8%         3d7       52%         4
 Iskenderun's Mystic Bla  Conj/Tloc      17%        2d5       52%         4


Dungeon Overview and Level Annotations

Branches:
Dungeon (2/15) Zot: 11960

Altars:


Innate Abilities, Weirdness & Mutations

You have a pair of small horns on your head.
A frigid envelope surrounds you and freezes all who hurt you.
Your system is resistant to poisons. (rPois)
Your spells are a little harder to cast, but a little more powerful.


Message History

Aiming: Magic Dart (safe; 1% risk of failure)
Press: ? - help, Shift-Dir - straight line, f - dart slug
Aim: a dart slug (100% to hit)
The magic dart hits the dart slug.
The dart slug is moderately wounded.
You now have 5/6 mp.
Casting: Magic Dart (safe; 1% risk of failure)
Confirm with . or Enter, or press ? or * to list all spells.
Aiming: Magic Dart (safe; 1% risk of failure)
Press: ? - help, Shift-Dir - straight line, f/p - dart slug
Aim: a dart slug (moderately wounded, 100% to hit)
The magic dart hits the dart slug!
The dart slug is almost dead.
You now have 4/6 mp.
Casting: Magic Dart (safe; 1% risk of failure)
Confirm with . or Enter, or press ? or * to list all spells.
Aiming: Magic Dart (safe; 1% risk of failure)
Press: ? - help, Shift-Dir - straight line, f/p - dart slug
Aim: a dart slug (almost dead, 100% to hit)
The magic dart hits the dart slug.
You kill the dart slug!
You now have 3/6 mp.
A ball python comes into view.
Found a grey potion.
Casting: Magic Dart (safe; 1% risk of failure)
Confirm with . or Enter, or press ? or * to list all spells.
Aiming: Magic Dart (safe; 1% risk of failure)
Press: ? - help, Shift-Dir - straight line, f - ball python
Aim: a ball python (asleep, 100% to hit)
The magic dart hits the ball python.
You kill the ball python!
You now have 22 gold pieces (gained 14).
c - a fuming sapphire potion It was a potion of mutation.
You feel extremely strange. A pair of horns grows on your head!
You feel resistant to poisons.
You feel less in control of your magic.
Your skin feels very cold.
Unknown command.
Unknown command.
Unknown command.
Are you sure you want to abandon this character and quit the game? (Confirm with "yes".)

#### #....<....#
#...########...?#
+...+...........#
#...######......#
+...+ +......#
#...######......#
#...............#
#...............#
##.@.......$....#
#!.......#.###.#
#........#.# .#
#........#.# #
#........#.#
#.......†#
#........#
##########


There were no monsters in sight!

Vanquished Creatures
  A dart slug (D:2)
  A ball python (D:2)
  A rat (D:1)
3 creatures vanquished.

Notes
Turn   | Place    | Note
-------+----------+-------------------------------------------
     0 | D:1      | Psyclone the Deep Elf Conjurer began the quest for the Orb.
     0 | D:1      | Reached XP level 1. HP: 10/10 MP: 6/6
    39 | D:2      | Gained mutation: You have a pair of small horns on your
                  | head. [potion of mutation]
    39 | D:2      | Gained mutation: Your system is resistant to poisons.
                  | (rPois) [potion of mutation]
    39 | D:2      | Gained mutation: Your spells are a little harder to cast,
                  | but a little more powerful. [potion of mutation]
    39 | D:2      | Gained mutation: A frigid envelope surrounds you and
                  | freezes all who hurt you. [potion of mutation]
    40 | D:2      | Quit the game

Illustrated notes

Levels and vault maps discovered:
D:1:      saegor_arrival_simple_c, layout_rooms, serial_shops, shop,
          kennysheep_nondescript, minmay_misc_feat_ornament
D:2:      layout_basic, serial_shops, nicolae_shop_tiny_statue_garden,
          nicolae_shop_scrapyard, shop, shop

Action                     || total
---------------------------++-------
   Cast: Magic Dart        ||     5
    Use: Potion            ||     1
